 Dungeon Crawl Stone Soup version 0.31.0-11-ge490571c62 (webtiles) character file.

Game seed: 2687175299294551691

270 Minsecho the Cudgeller (level 6, 0/61 HPs)
             Began as an Oni Gladiator on Feb 10, 2024.
             Slain by a scorpion (2 damage)
             ... on level 3 of the Dungeon.
             The game lasted 00:06:18 (2596 turns).

Minsecho the Cudgeller (Oni Gladiator)              Turns: 2596, Time: 00:06:19

Health: 0/61       AC:  3    Str: 19    XL:     6   Next: 22%
Magic:  5/8        EV: 10    Int: 11    God:
Gold:   191        SH:  0    Dex: 10    Spells: 7/8 levels left

rFire   . . .        a - +0 flail
rCold   . . .        (no shield)
rNeg    . . .        b - +0 robe
rPois   .            c - +0 hat
rElec   .            (no cloak)
rCorr   .            (gloves unavailable)
SInv    .            (boots unavailable)
Will    .....        (no amulet)
Stlth   +            (no ring)
HPRegen 0.30/turn    (no ring)
MPRegen 0.11/turn

%: no passive effects
@: lethally poisoned (0 -> -11), attractive
A: large, unfitting armour, horns 1, tough skin 1, double potion healing,
drunken brawling
a: no special abilities


You were on level 3 of the Dungeon.
You visited 1 branch of the dungeon, and saw 4 of its levels.

You collected 191 gold pieces.

Inventory:

Hand Weapons
 a - a +0 flail (weapon)
Missiles
 l - 3 throwing nets
 o - a large rock
 p - 6 poisoned darts
Armour
 b - a +0 robe (worn)
 c - a +0 hat (worn)
Wands
 d - a wand of flame (22)
 r - a wand of charming (10)
Scrolls
 e - a scroll of amnesia {unknown}
 g - 2 scrolls of noise {unknown}
 i - a scroll of identify {unknown}
 n - 2 scrolls of enchant weapon {unknown}
 q - a scroll of teleportation {unknown}
 s - a scroll of blinking {unknown}
Potions
 f - 3 potions of invisibility {unknown}
 h - 3 potions of heal wounds {unknown}
 j - a potion of cancellation {unknown}
 k - 2 potions of curing {unknown}
 m - 2 potions of attraction


   Skills:
 + Level 3.4 Fighting
 + Level 4.4 Maces & Flails
 + Level 2.5 Throwing
 + Level 3.5 Dodging
 - Level 0.3 Stealth
 * Level 1.8 Spellcasting
 + Level 1.0 Conjurations
 + Level 1.5 Alchemy
 + Level 0.4 Evocations


You had 7 spell levels left.
You knew the following spells:

 Your Spells              Type           Power      Damage    Failure   Level
a - Sting                 Conj/Alch      12%        1d3       17%         1

Your spell library contained the following spells:

 Spells                   Type           Power      Damage    Failure   Level
 Apportation              Tloc           2%         N/A       30%         1
 Necrotise                Necr           4%         1d4       30%         1
 Summon Small Mammal      Summ           4%         N/A       30%         1
 Ensorcelled Hibernation  Hex/Ice        2%         N/A       41%         2
 Call Canine Familiar     Summ           1%         N/A       65%         3
 Passwall                 Erth           1%         N/A       65%         3
 Swiftness                Air            1%         N/A       65%         3
 Summon Blazeheart Golem  Fire/Summ      1%         N/A       96%         4


Dungeon Overview and Level Annotations

Branches:
Dungeon (4/15)
 Temple: D:4-7

Altars:
Fedhas
Gozag
Okawaru
Ru
Vehumet


Innate Abilities, Weirdness & Mutations

You are too large for most types of armour.
You have a pair of small horns on your head.
You have tough skin. (AC +1)
You gain doubled healing and magic from potions.
Whenever you drink a healing potion, you attack all around you.


Message History

Aim: a scorpion (64% to hit)
The sting misses the scorpion.
The scorpion stings you.
You are poisoned.
The scorpion poisons you! The orc hits you with a +0 dagger.
The scorpion stings you!
You are more poisoned.
The scorpion poisons you!
Aiming: Sting (safe; 17% risk of failure)
Press: ? - help, Q - select action, (/) - cycle Shift-Dir - straight line, f/p - scorpion
Aim: a scorpion (64% to hit)
The sting misses the scorpion.
You feel very sick. The orc barely misses you. The scorpion stings you.
You feel very sick. The scorpion stings you. The orc barely misses you.
You climb upwards.
You feel very sick.
There is a stone staircase leading down here.
You hit the orc. You headbutt the orc, but do no damage.
The orc is heavily wounded.
You feel very sick.
The scorpion stings you but does no damage.
The orc hits you with a +0 dagger.
* * * LOW HITPOINT WARNING * * *
Sorry, you're not good enough to have a special ability.
Aiming: Charm
Press: ? - help, Shift-Dir - straight line, f - orc
Aim: an orc, wielding a +0 dagger (heavily wounded, chance to affect: 67%)
The orc is charmed.
You feel sick. The scorpion barely misses you. The scorpion stings you.
* * * LOW HITPOINT WARNING * * *
You are more poisoned.
The scorpion poisons you!
It was a potion of attraction.
You feel attractive to monsters.
* * * LOW HITPOINT WARNING * * *
You feel very sick. The scorpion stings you.
You die...

~≈≈≈~≈#≈~~#...#### #.#..# #
.~≈≈~≈≈~.#....'..# #.#..# #
##≈~.~~#......##.# #.#..# #
####.#...#.#####.# #.#..# #
.........#+## #.# #.#### ###
............####.###..#########..
...#........'.##'#..[#...8...8..#
#########...#.#........8.8.8.8.##
........'...#.'s@......8.8.8.8.#
########....###..o.....8...8...#
#'##.# #.......########## #.####
#.>.....### 8.8 #.........# ##.##
#.........# #.# #.........# 8.8
#.........# #.# ###.#######


You could see a scorpion and a friendly orc (charmed).

Vanquished Creatures
  A phantom (D:3)
  An orc priest (D:4)
  Ijyb (D:3)
  An orc wizard (D:4)
  3 adders
  2 ribbon worms (D:3)
  12 dart slugs
  2 orcs (D:4)
  5 ball pythons
  4 bats
  6 endoplasms
  3 giant cockroaches
  6 goblins
  5 hobgoblins
  4 jackals (D:2)
  6 kobolds
  A quokka (D:2)
  A frilled lizard (D:1)
  6 rats
70 creatures vanquished.

Notes
Turn   | Place    | Note
-------+----------+-------------------------------------------
     0 | D:1      | Minsecho the Oni Gladiator began the quest for the Orb.
     0 | D:1      | Reached XP level 1. HP: 22/22 MP: 1/1
   325 | D:1      | Reached XP level 2. HP: 29/29 MP: 2/2
   447 | D:1      | Learned a level 1 spell: Sting
   718 | D:1      | Reached XP level 3. HP: 36/36 MP: 3/3
  1101 | D:2      | Reached skill level 1 in Alchemy
  1307 | D:2      | Reached XP level 4. HP: 42/44 MP: 4/4
  1590 | D:3      | Noticed Ijyb
  1616 | D:3      | Killed Ijyb
  1617 | D:3      | Reached skill level 1 in Spellcasting
  1617 | D:3      | Reached XP level 5. HP: 17/52 MP: 6/6
  1783 | D:3      | Reached skill level 1 in Conjurations
  1880 | D:3      | Found a blossoming altar of Fedhas.
  1970 | D:3      | Found an opulent altar of Gozag.
  1973 | D:3      | Found a radiant altar of Vehumet.
  1974 | D:3      | Found an iron altar of Okawaru.
  1974 | D:3      | Found a sacrificial altar of Ru.
  2249 | D:3      | Noticed a phantom
  2258 | D:3      | Killed a phantom
  2259 | D:3      | Reached skill level 4 in Maces & Flails
  2584 | D:4      | Reached XP level 6. HP: 61/61 MP: 5/8
  2596 | D:3      | HP: 2/61 [poisoned by a scorpion]
  2596 | D:3      | Slain by a scorpion

Illustrated notes

Levels and vault maps discovered:
D:1:      minmay_arrival_loop, layout_loops_corners
D:2:      layout_rooms, grunt_decor_cap
D:3:      kennysheep_slugbush, layout_basic, mainiacjoe_overflow_catwalk,
          grunt_temple_overflow_open, small_statue_alley_b, dk_noncrumbling_2,
          uniq_ijyb
D:4:      layout_basic, nemelex_altar_shiori

Skill      XL: |  1  2  3  4  5 |
---------------+----------------+-----
Dodging        | 3 |  3.5
Alchemy        | 1 |  1.5
Spellcasting   | 1 |  1.8
Conjurations   | 1 |  1.0
Fighting       | 3 |  3.4
Maces & Flails | 4 |  4.4
Throwing       | |  2.5
Stealth        | |  0.3
Evocations     | |  0.4

Action                     |  1- 3 |  4- 6 || total
---------------------------+-------+-------++-------
  Melee: Flail             |    99 |    62 ||   161
         Headbutt          |     8 |    11 ||    19
         Punch             |       |     1 ||     1
  Throw: Dart              |     1 |     6 ||     7
         Throwing net      |       |     4 ||     4
         Large rock        |       |     2 ||     2
   Cast: Sting             |     5 |     8 ||    13
  Evoke: Wand              |       |     9 ||     9
    Use: Potion            |       |     1 ||     1
 Armour: Robe              |    78 |    64 ||   142
  Dodge: Dodged            |    58 |    35 ||    93
